AoeStats
← DonCamillo

MegaRandom

510058997Analyzed
3v3 RM · 1d ago on Sep 29, 2026· 42m 49s· 6 players
Game mode
Random Map
Map size
Normal (6 player)
Population
200
Speed
Normal
Resources
Standard
Victory
Conquest
Starting age
Dark Age
Ending age
Imperial Age
RankedLock teamsTeams togetherTeam positionsShared explorationLock speedFull tech treeHidden civsTurbo modeCheats
Victory
Defeat
🇩🇪 Malians · Germany
996
+11
🇧🇷 Georgians · Brazil
908
+14
🇲🇽 Spanish · Mexico
793
+18
🇫🇷 Byzantines · France
881
-15
🇪🇸 Chinese · Spain
874
-15
🇺🇸 Vikings · United States
833
-13
The Reich
12:37 Feudal Age
13:30 Man-at-Arms
19:43 Castle Age
17:41 Loom
22:34 Castle Age
22:43 Pikeman
23:25 Scale Mail Armor
LeVieuxMachin
0:31 Loom
13:05 Feudal Age
14:06 Double-Bit Axe
19:12 Castle Age
18:51 Horse Collar
Glanderl
0:34 Loom
13:15 Feudal Age
13:45 Double-Bit Axe
13:46 Horse Collar
23:29 Castle Age
25:09 Bow Saw
25:07 Gold Mining
25:08 Stone Mining
25:54 Heavy Plow
25:28 Elite Skirmisher
27:30 Thumb Ring
28:11 Town Watch
29:40 Fletching
31:57 Padded Archer Armor
PsicoDelico
13:08 Feudal Age
14:37 Horse Collar
14:48 Double-Bit Axe
15:02 Loom
20:25 Castle Age
21:32 Wheelbarrow
21:36 Bow Saw
23:12 Town Watch
25:35 Caravan
26:16 Hand Cart
25:56 Stone Mining
27:32 Stone Shaft Mining
31:16 Forging
31:12 Scale Barding Armor
34:14 Imperial Age
36:04 Iron Casting
35:50 Chain Barding Armor
37:41 Conscription
38:54 Heavy Plow
39:57 Blast Furnace
38:48 Fletching
39:14 Elite Monaspa
41:19 Crop Rotation
41:16 Aznauri Cavalry
42:08 Plate Barding Armor
ADMHMCR69
6:41 Loom
10:54 Feudal Age
19:16 Castle Age
19:10 Double-Bit Axe
19:10 Horse Collar
23:13 Bloodlines
25:31 Town Watch
29:05 Padded Archer Armor
29:11 Scale Barding Armor
31:46 Bow Saw
31:54 Gold Mining
33:17 Ballistics
33:17 Leather Archer Armor
32:53 Fletching
33:24 Chain Barding Armor
34:02 Light Cavalry
37:57 Forging
40:35 Imperial Age
38:50 Heavy Plow
40:03 Wheelbarrow
42:14 Plate Barding Armor
DonCamillo
3:42 Loom
13:00 Feudal Age
15:06 Forging
15:01 Scale Barding Armor
21:13 Castle Age
19:55 Bloodlines
21:44 Light Cavalry
25:35 Double-Bit Axe
25:54 Scale Mail Armor
25:45 Fletching
31:53 Horse Collar
32:53 Gold Mining
38:49 Iron Casting
38:35 Chain Barding Armor
39:04 Bodkin Arrow
39:14 Husbandry
Connection lost

Rejoining the realm…

Still unreachable

The connection could not be restored.

Session expired

The server has moved on; the page needs a fresh start.